Description

ave WayTeh!

Replay - PvT doble forge BLINK Macro

Build Order

Get SALT Encoding   

  12  0:01  Probe (Chrono Boost)  
  13  0:11  Probe (Chrono Boost)  
  14  0:17  Pylon  
  14  0:22  Probe (Chrono Boost)  
  15  0:36  Probe (Chrono Boost), Gateway  
  16  0:46  Probe (Chrono Boost)  
  16  0:47  Assimilator  
  18  0:57  Probe (Chrono Boost)  
  18  1:07  Probe (Chrono Boost)  
  19  1:18  Probe (Chrono Boost)  
  20  1:25  Nexus  
  20  1:33  Cybernetics Core  
  20  1:37  Probe (Chrono Boost)  
  21  1:42  Assimilator  
  21  1:47  Probe (Chrono Boost)  
  21  1:52  Pylon  
  23  2:11  Mothership Core (Chrono Boost)  
  23  2:13  Warp Gate  
  25  2:18  Adept  
  28  2:38  Robotics Facility  
  32  2:58  Twilight Council  
  36  3:16  Pylon  
  36  3:24  Blink, Gateway x2  
  36  3:26  Observer  
  41  3:49  Observer  
  41  3:54  Assimilator x2  
  44  3:58  Pylon  
  46  4:12  Pylon  
  47  4:21  Stalker x3  
  54  4:25  Warp Prism  
  59  4:50  Forge x2  
  59  4:55  Robotics Bay  
  59  5:04  Stalker x3  
  65  5:22  Gateway x3  
  65  5:25  Protoss Ground Weapons Level 1  
  65  5:27  Protoss Ground Armor Level 1  
  65  5:35  Extended Thermal Lance  
  65  5:39  Colossus  
  71  6:16  Stalker x4  
  83  6:34  Colossus  
  83  6:39  Nexus  
  89  6:47  Resonating Glaives  
  93  7:11  Protoss Ground Weapons Level 2  
  93  7:14  Protoss Ground Armor Level 2  
  93  7:22  Colossus  
  100  7:40  Zealot x4  
  113  8:03  Assimilator  
  114  8:08  Assimilator  
  116  8:14  Adept x4  
  116  8:17  Colossus  
  135  8:47  Robotics Facility  
  137  9:08  Gateway x2  
  137  9:11  Colossus  
  137  9:14  Sentry x2  
  155  9:50  Colossus  
Spawning Tool Build Advisor. Get it on Overwolf

Go to:

Details

  • Created by: Colt
  • Published on: Jun 01, 2017
  • Modified on: Jun 01, 2017
  • Patch: 3.8.0
Show
View Real Time Build Order
Export as new Build Order

Comments (0)

There are no comments. Be the first!

Create an account to comment!